 Dungeon Crawl Stone Soup version 0.17.1-3-g152610e (webtiles) character file.

11721 HEYYEYAAE the Nimble (level 11, -2/54 HPs)
             Began as a Spriggan Fighter on Apr 30, 2016.
             Was an Elder of Nemelex Xobeh.
             Slain by a vampire mosquito (11 damage)
             ... on level 12 of the Dungeon.
             The game lasted 00:30:21 (17458 turns).

HEYYEYAAE the Nimble (Spriggan Fighter)            Turns: 17458, Time: 00:30:22

Health: -2/54      AC:  5    Str: 15      XL:     11   Next: 53%
Magic:  33/33      EV: 26    Int:  7 (10) God:    Nemelex Xobeh [****..]
Gold:   649        SH:  0    Dex: 16      Spells: 3 memorised, 18 levels left

rFire  . . .     SeeInvis +     q - +3 quarterstaff (chaos)
rCold  . . .     Clarity  +     a - +0 robe
rNeg   . . .     SustAt   .     (shield currently unavailable)
rPois  .         Gourm    .     (helmet restricted)
rElec  .         Spirit   .     u - +2 cloak
rCorr  .         Warding  .     (gloves unavailable)
rMut   .         Stasis   .     (boots unavailable)
MR     +....                    (no amulet)
Stlth  +.........               (no ring)
                                f - ring of magical power

@: very quick, somewhat resistant to hostile enchantments, very unstealthy
A: unfitting armour, see invisible, clarity, herbivore 3, speed 3, frail 1,
mutation resistance 1, slow metabolism 2, subdued magic 1
a: Triple Draw, Deal Four, Renounce Religion


You were on level 12 of the Dungeon.
You worshipped Nemelex Xobeh.
Nemelex Xobeh was greatly pleased with you.
You were full.

You visited 1 branch of the dungeon, and saw 12 of its levels.
You also visited: Sewer.

You collected 649 gold pieces.

Inventory:

Hand Weapons
 c - a +0 hand axe of flaming
 q - a +3 quarterstaff of chaos (weapon)
 z - a +2 scimitar of flaming
 K - a +1 dagger of venom
 M - a +1 dagger of protection
Missiles
 l - 211 arrows
 v - 12 arrows of dispersal
Armour
 a - a +0 robe (worn)
 b - a +0 buckler
 u - a +2 cloak (worn)
Rods
 x - a +2 iron rod (13/13)
   (You found it on level 11 of the Dungeon)
Jewellery
 f - a ring of magical power (left hand)
 p - an uncursed ring of ice
 P - an uncursed ring of protection from magic {unknown}
Wands
 h - a wand of digging (18)
 r - a wand of confusion (0)
 s - a wand of random effects (0)
 t - a wand of disintegration (1)
 J - a wand of teleportation (5)
Scrolls
 d - a scroll of immolation {unknown}
 e - a scroll of recharging
 i - 4 scrolls of remove curse
 k - a scroll of amnesia
 n - 3 scrolls of teleportation
 H - 5 scrolls of magic mapping
 Q - a scroll of fog
Potions
 j - a potion of flight
 o - a potion of curing
 A - 2 potions of poison
 B - a potion of cancellation
 N - a potion of brilliance
 S - a potion of resistance {unknown}
Books
 g - a book of Minor Magic

   Spells                             Type                      Level
   a - Magic Dart                     Conjuration                  1
   b - Blink                          Translocation                2
   c - Call Imp                       Summoning                    2
   d - Repel Missiles                 Charms/Air                   2
   e - Slow                           Hexes                        2
   f - Conjure Flame                  Conjuration/Fire             3
   g - Mephitic Cloud                 Conjuration/Poison/Air       3
 m - a book of Necromancy

   Spells                             Type                      Level
   a - Pain                           Necromancy                   1
   b - Animate Skeleton               Necromancy                   1
   c - Vampiric Draining              Necromancy                   3
   d - Regeneration                   Charms/Necromancy            3
   e - Animate Dead                   Necromancy                   4
   f - Control Undead                 Necromancy                   4
 w - a book of Air

   Spells                             Type                      Level
   a - Shock                          Conjuration/Air              1
   b - Swiftness                      Charms/Air                   2
   c - Repel Missiles                 Charms/Air                   2
   d - Static Discharge               Conjuration/Air              3
   e - Lightning Bolt                 Conjuration/Air              5
 O - a book of Dreams

   Spells                             Type                      Level
   a - Ensorcelled Hibernation        Hexes/Ice                    2
   b - Phase Shift                    Translocation                5
   c - Shadow Creatures               Summoning                    5
   d - Silence                        Hexes/Air                    5
   e - Darkness                       Hexes                        6
   f - Mass Confusion                 Hexes                        6
Miscellaneous
 D - a plain deck of escape {drawn: 3}
Comestibles
 C - a bread ration


   Skills:
 * Level 8.7 Fighting
 + Level 5.4 Armour
 + Level 10.7 Dodging
 - Level 2.1 Shields
 + Level 5.9 Unarmed Combat
 + Level 8.4 Spellcasting
 + Level 2.4 Charms
 + Level 8.7 Evocations


You had 18 spell levels left.
You knew the following spells:

 Your Spells              Type           Power        Failure   Level  Hunger
a - Blink                 Tloc           N/A          17%         2    ##.....
b - Mephitic Cloud        Conj/Pois/Air  #.......     50%         3    ###....
c - Regeneration          Chrm/Necr      #.........   24%         3    ###....


Dungeon Overview and Level Annotations

Branches:
Dungeon (12/15)            Temple (0/1) D:6            Lair (0/8) D:10
    Orc: D:9-12

Altars:
Ashenzari
Elyvilon
Gozag
Nemelex Xobeh
Sif Muna
Yredelemnul
Zin
The Shining One

Shops:
D:6 =   D:8 (

Annotations:
D:11 Maurice


Innate Abilities, Weirdness & Mutations

You are tiny and cannot use many weapons and most armour.
You have supernaturally acute eyesight.
You are a herbivore.
You cover ground extremely quickly.
You need consume almost no food.
You possess an exceptional clarity of mind.
You are frail (-10% HP).
You are somewhat resistant to further mutation.
Your spells are a little easier to cast, but a little less powerful.


Message History

The vampire mosquito bites you.
The vampire mosquito draws strength from your injuries!
You hit the vampire mosquito. You burn the vampire mosquito.
The vampire mosquito is severely damaged.
The vampire mosquito bites you!
The vampire mosquito draws strength from your injuries!
The vampire mosquito bites you.
The vampire mosquito draws strength from your injuries!
You sock the vampire mosquito!
The vampire mosquito is severely damaged.
The vampire mosquito bites you!
* * * LOW HITPOINT WARNING * * *
The vampire mosquito draws strength from your injuries!
The vampire mosquito misses you.
The vampire mosquito closely misses you.
Evoke which item? (* to show all) (? for menu, Esc to quit)
You draw a card...
It is Warpwright.
You found a teleport trap!
The vampire mosquito bites you!
You die...
Your body disappears without a glow.

###############
##.....##...$..##
##...............#
#.........†......#
..#####................#
#......................#
###(.............>...#
#.†....^@..........#
#.#.....y........[<#
#..#...............##
...####.............#
#...# ###.#....#.....
>.... ..#.#.........
...##. .##...........
... . .. ........... .#
# #.....Y


You could see a vampire mosquito.

Vanquished Creatures
  Erica (D:8)
  The ghost of Alipheese the Cleaver, a novice NaFi of Okawaru (D:9)
  An unseen horror (D:12)
  3 hill giants
  An ugly thing (D:9)
  The ghost of Charly the Ruffian, a novice VSTm of Cheibriados (D:8)
  A troll (D:11)
  Sigmund (D:6)
  Eustachio (D:6)
  3 hungry ghosts
  A steam dragon (D:7)
  A warg (D:9)
  A wolf (D:9)
  A yak (D:12)
  A hippogriff (D:11)
  Duvessa (D:6)
  2 orc warriors (D:9)
  A black bear (D:6)
  4 sky beasts
  A spider (D:9)
  2 necrophages
  4 ice beasts
  7 ogres
  A wasp (D:11)
  9 centaurs
  2 big kobolds
  4 giant frogs
  A water moccasin skeleton (D:11)
  Dowan (D:6)
  4 scorpions
  2 quasits
  A centaur zombie (D:7)
  3 crimson imps
  4 hounds
  3 jellies
  Crazy Yiuf (D:6)
  2 giant frog skeletons
  A centaur skeleton (D:8)
  4 orc priests
  3 iguanas
  9 orc wizards
  6 worker ants
  2 hound skeletons
  A worker ant zombie (D:10)
  21 adders
  2 river rats (D:6)
  10 gnolls
  2 shadow imps
  8 oozes
  2 adder zombies
  2 adder skeletons
  7 worms
  4 giant geckos
  30 orcs
  9 goblins
  11 hobgoblins
  10 jackals
  18 kobolds
  6 quokkas
  4 ball pythons
  16 bats
  11 giant cockroaches
  A giant gecko skeleton (D:8)
  A giant gecko zombie (D:7)
  5 giant newts
  12 rats
297 creatures vanquished.

Vanquished Creatures (collateral kills)
  Harold (D:11)
  Urug (D:11)
  A troll (D:11)
  An orc warrior (D:11)
  An ice beast (D:9)
  A sky beast (D:10)
  An ogre (D:11)
  2 gnolls (D:2)
  An adder (D:11)
  An adder skeleton (D:9)
11 creatures vanquished.

Vanquished Creatures (others)
  A hungry ghost (D:8)
  An ogre (D:11)
  A giant frog skeleton (D:7)
  A hound (D:10)
  An orc (D:9)
5 creatures vanquished.

Grand Total: 313 creatures vanquished

Notes
Turn   | Place    | Note
--------------------------------------------------------------
     0 | D:1      | HEYYEYAAE the Spriggan Fighter began the quest for the Orb.
     0 | D:1      | Reached XP level 1. HP: 11/11 MP: 2/2
   188 | D:1      | Reached XP level 2. HP: 14/16 MP: 3/3
   815 | D:2      | Reached skill level 1 in Spellcasting
   815 | D:2      | Reached XP level 3. HP: 7/19 MP: 5/5
  1283 | D:2      | Reached skill level 1 in Armour
  1971 | D:3      | Reached XP level 4. HP: 24/24 MP: 7/7
  2514 | D:3      | Reached skill level 5 in Dodging
  2902 | D:3      | Reached XP level 5. HP: 26/28 MP: 8/8
  3032 | D:3      | Found a glowing silver altar of Zin.
  4065 | D:4      | Reached XP level 6. HP: 31/33 MP: 10/10
  4341 | D:4      | Gained mutation: You are partially covered in yellow scales (AC +2). [potion of mutation]
  4341 | D:4      | Gained mutation: You have an increased reservoir of magic (+10% MP). [potion of mutation]
  4743 | D:4      | Found a deep blue altar of Sif Muna.
  4864 | D:4      | Noticed a phantom
  4984 | D:5      | Entered Level 5 of the Dungeon
  5199 | D:5      | Learned a level 2 spell: Blink
  5203 | D:5      | Learned a level 3 spell: Mephitic Cloud
  5207 | D:5      | Found a sparkling altar of Nemelex Xobeh.
  5216 | D:5      | Became a worshipper of Nemelex Xobeh the Trickster
  5348 | D:5      | Received a gift from Nemelex Xobeh
  5370 | D:5      | Reached skill level 6 in Dodging
  5683 | D:5      | Reached skill level 1 in Evocations
  5683 | D:5      | Reached XP level 7. HP: 33/37 MP: 14/14
  6937 | D:3      | Reached * piety under Nemelex Xobeh
  7356 | D:2      | Received a gift from Nemelex Xobeh
  8102 | D:2      | Found a basalt altar of Yredelemnul.
  8160 | D:2      | Found a white marble altar of Elyvilon.
  8346 | D:6      | Found a glowing drain.
  8370 | Sewer    | Entered a sewer
  8798 | Sewer    | Lost mutation: You have an increased reservoir of magic (+10% MP). [potion of cure mutation]
  8798 | Sewer    | Lost mutation: You are partially covered in yellow scales (AC +2). [potion of cure mutation]
  8816 | Sewer    | Received a gift from Nemelex Xobeh
  8882 | Sewer    | Gained mutation: You are frail (-10% HP). [potion of mutation]
  8882 | Sewer    | Gained mutation: You possess an exceptional clarity of mind. [potion of mutation]
  8882 | Sewer    | Gained mutation: Your spells are a little easier to cast, but a little less powerful. [potion of mutation]
  8921 | Sewer    | Reached skill level 7 in Dodging
  9134 | D:6      | Noticed Eustachio
  9159 | D:6      | Killed Eustachio
  9159 | D:6      | Reached skill level 5 in Fighting
  9159 | D:6      | Reached XP level 8. HP: 34/38 MP: 15/15
  9370 | D:6      | Found a staircase to the Ecumenical Temple.
  9676 | D:6      | Gained mutation: You are somewhat resistant to further mutation. [potion of beneficial mutation]
  9882 | D:6      | Noticed Dowan
  9883 | D:6      | Noticed Duvessa
  9915 | D:6      | Killed Dowan
  9927 | D:6      | Killed Duvessa
  9959 | D:6      | Found Caifoica's Jewellery Shop.
 10281 | D:6      | Noticed Crazy Yiuf
 10297 | D:6      | Killed Crazy Yiuf
 10430 | D:6      | Noticed Sigmund
 10441 | D:6      | Killed Sigmund
 10441 | D:6      | Reached skill level 5 in Spellcasting
 10505 | D:7      | Reached ** piety under Nemelex Xobeh
 10588 | D:7      | Found a shattered altar of Ashenzari.
 10651 | D:7      | Reached XP level 9. HP: 19/43 MP: 17/17
 10743 | D:7      | Reached skill level 8 in Dodging
 11465 | D:7      | Received a gift from Nemelex Xobeh
 11531 | D:8      | Reached skill level 5 in Evocations
 11735 | D:8      | Reached *** piety under Nemelex Xobeh
 11738 | D:8      | Noticed Erica
 11763 | D:8      | Killed Erica
 11865 | D:8      | Received a gift from Nemelex Xobeh
 11950 | D:8      | Found Coutant's Weapon Shoppe.
 12089 | D:8      | Noticed Charly's ghost (novice VSTm)
 12155 | D:8      | Killed Charly's ghost
 12155 | D:8      | Reached skill level 9 in Dodging
 12155 | D:8      | Reached XP level 10. HP: 20/49 MP: 20/20
 12536 | D:9      | Noticed Alipheese's ghost (novice NaFi)
 12542 | D:9      | Noticed a white ugly thing
 12586 | D:9      | Killed Alipheese's ghost
 12589 | D:9      | Killed a white ugly thing
 12589 | D:9      | Reached skill level 5 in Unarmed Combat
 13892 | D:9      | Found an opulent altar of Gozag.
 13995 | D:9      | Noticed Grum
 14001 | D:9      | Noticed Grum
 14001 | D:9      | Grum changed into Grum the scorpion
 14007 | D:9      | Killed Grum the scorpion
 14127 | D:9      | Found a deep blue altar of Sif Muna.
 14128 | D:9      | Reached **** piety under Nemelex Xobeh
 14132 | D:9      | Found a glowing golden altar of the Shining One.
 14162 | D:10     | Entered Level 10 of the Dungeon
 14162 | D:10     | Noticed a hill giant
 14177 | D:9      | Killed a hill giant
 14513 | D:10     | Reached skill level 10 in Dodging
 14782 | D:10     | Found a staircase to the Lair.
 14873 | D:10     | Noticed a hill giant
 14877 | D:10     | Killed a hill giant
 14877 | D:10     | Reached skill level 5 in Armour
 14877 | D:10     | Reached XP level 11. HP: 54/54 MP: 23/23
 14978 | D:10     | Noticed a hill giant
 14986 | D:10     | Killed a hill giant
 15660 | D:11     | Paralysed by a wasp for 2 turns
 15709 | D:11     | Noticed Harold
 15722 | D:11     | Noticed Urug
 15732 | D:11     | Killed Urug
 15753 | D:11     | Killed Harold
 15824 | D:11     | Noticed Maurice
 16170 | D:11     | Learned a level 3 spell: Regeneration
 16675 | D:11     | Received a gift from Nemelex Xobeh
 16738 | D:11     | Reached skill level 1 in Charms
 17191 | D:11     | Found a glowing golden altar of the Shining One.
 17197 | D:11     | Noticed a stone giant
 17243 | D:12     | Noticed an unseen horror
 17283 | D:12     | Killed an unseen horror
 17458 | D:12     | Slain by a vampire mosquito

Action                   |  1- 3 |  4- 6 |  7- 9 | 10-12 || total
-------------------------+-------+-------+-------+-------++-------
Melee: Unarmed           |   197 |   151 |       |       ||   348
       Hand axe          |       |   176 |   354 |       ||   530
       Quarterstaff      |       |       |   239 |   376 ||   615
 Cast: Mephitic Cloud    |       |       |       |     2 ||     2
Evoke: Wand              |       |     2 |    49 |    46 ||    97
       Deck              |       |       |    11 |    29 ||    40
  Use: Potion            |       |     8 |     8 |     9 ||    25
       Scroll            |       |     4 |    13 |     3 ||    20
 Stab: Sleeping          |     3 |     1 |     4 |     2 ||    10
       Confused          |       |     1 |    13 |       ||    14
       Distracted        |       |     1 |     1 |       ||     2
       Paralysed         |       |       |     1 |     7 ||     8
       Invisible         |       |       |     1 |       ||     1
       Petrified         |       |       |       |     1 ||     1
       Petrifying        |       |       |       |     1 ||     1
  Eat: Pizza             |       |     1 |       |     1 ||     2
       Bread ration      |       |     1 |     1 |     3 ||     5
       Fruit             |       |       |       |     3 ||     3
